 Dungeon Crawl Stone Soup version 0.25.1-2-g60ff931df9 (webtiles) character file.

Game seed: 17334187330083695305

50 DildoBatman the Magician (level 4, 0/30 HPs)
             Began as a Formicid Wizard on Aug 26, 2020.
             Slain by a kobold
             ... wielding a +0 club
              (4 damage)
             ... in a sewer.
             The game lasted 00:06:42 (2003 turns).

DildoBatman the Magician (Formicid Wizard)          Turns: 2003, Time: 00:06:43

Health: 0/30       AC:  2    Str: 12    XL:     4   Next: 4%
Magic:  8/8        EV: 12    Int: 18    God:
Gold:   127        SH:  0    Dex:  9    Spells: 2/9 levels left

rFire    + . .     SeeInvis +   a - +0 short sword
rCold    x . .     Gourm    .   (no shield)
rNeg     . . .     Faith    .   i - +0 robe
rPois    .         Spirit   .   (helmet unavailable)
rElec    .         Reflect  .   (no cloak)
rCorr    .         Harm     .   (no gloves)
MR       .....                  (no boots)
Stlth    ++........             (no amulet)
HPRegen  0.10/turn              j - ring of fire
MPRegen  0.11/turn              (no ring)

@: lightly drained
A: permanent stasis, dig shafts and tunnels, four strong arms, antennae 3
a: Dig, Shaft Self


You were in a sewer.
You were hungry.

You visited 1 branch of the dungeon, and saw 3 of its levels.
You also visited: Sewer.

You collected 127 gold pieces.

Inventory:

Hand Weapons
 a - a +0 short sword (weapon)
Missiles
 d - 5 poisoned darts
 g - 2 javelins (quivered)
 h - 44 stones
Armour
 i - a +0 robe (worn)
 m - a cursed +0 leather armour
Magical Staves
 b - an uncursed staff of poison
Jewellery
 j - a ring of fire (left hand)
Scrolls
 e - a scroll of magic mapping {unknown}
 n - 3 scrolls of remove curse
 o - a scroll of random uselessness {unknown}
 p - a scroll of fog {unknown}
 q - a scroll of identify {unknown}
Potions
 c - a potion of cancellation {unknown}
 f - a potion of resistance {unknown}
 k - a potion of might {unknown}
 l - a potion of degeneration {unknown}
 r - a potion of brilliance {unknown}
 s - a potion of heal wounds
Comestibles
 v - 2 rations


   Skills:
 - Level 1.7(1.6) Dodging
 - Level 2.4(2.3) Stealth
 - Level 3.2(3.1) Spellcasting
 * Level 3.2(3.1) Conjurations
   Level 1.0(0.8) Summonings
   Level 0.8(0.7) Translocations


You had 2 spell levels left.
You knew the following spells:

 Your Spells              Type           Power        Failure   Level  Hunger
a - Conjure Flame         Conj/Fire      ##......     26%         3    ###....
c - Magic Dart            Conj           ##..         4%          1    None
e - Mephitic Cloud        Conj/Pois/Air  #.......     32%         3    ###....

Your spell library contained the following spells:

 Spells                   Type           Power        Failure   Level  Hunger
 Call Imp                 Summ           #.......     17%         2    ##.....
 Slow                     Hex            #.......     24%         2    ##.....
 Blink                    Tloc           Unusable     N/A         2    N/A

Dungeon Overview and Level Annotations

Branches:
Dungeon (3/15)              Sewer (1/1)

Altars:
Fedhas
Nemelex Xobeh

Annotations:
D:2 Terence


Innate Abilities, Weirdness & Mutations

You cannot be hasted, slowed, berserked, paralysed or teleported.
You can dig through walls and to a lower floor.
Your four strong arms can wield two-handed weapons with a shield.
You have a pair of large antennae on your head. (SInv)


Message History

t - Shout!
Orders for allies: a - Attack new target. r - Retreat! s - Stop attacking. g - Guard the area. f - Follow me.
Anything else - Cancel.
You shout for attention!
The big kobold hits you with a +0 dagger.
The frilled lizard bites you but does no damage.
The kobold barely misses you. What are your orders? t - Shout!
Orders for allies: a - Attack new target. r - Retreat! s - Stop attacking. g - Guard the area. f - Follow me.
Anything else - Cancel.
You shout for attention!
The big kobold hits you with a +0 dagger.
The frilled lizard bites you. The kobold hits you with a +0 club.
You die...

≈≈≈#≈≈≈.....#
≈≈≈#P≈P....##
≈≈ #≈.....P#
#P......#
#.......#
#≈.≈...##
#≈≈≈...#
#≈≈l.###
##'@## #.KK.#
#....# #.∩..#
#...!# ######


You could see a big kobold, a kobold and a frilled lizard.

Vanquished Creatures
  An adder (D:3)
  An ooze (Sewer)
  2 dart slugs
  5 ball pythons
  A bat (D:2)
  3 giant cockroaches
  3 goblins (D:1)
  2 hobgoblins
  3 jackals (D:2)
  4 kobolds
  A frilled lizard (D:1)
  4 rats
30 creatures vanquished.

Notes
Turn   | Place    | Note
-------+----------+-------------------------------------------
     0 | D:1      | DildoBatman the Formicid Wizard began the quest for the
                  | Orb.
     0 | D:1      | Reached XP level 1. HP: 13/13 MP: 4/4
    32 | D:1      | Reached skill level 1 in Conjurations
   309 | D:1      | Reached XP level 2. HP: 19/19 MP: 3/6
  1038 | D:2      | Found a faded altar of an unknown god.
  1070 | D:2      | Found a blossoming altar of Fedhas.
  1075 | D:2      | Reached XP level 3. HP: 20/24 MP: 2/7
  1084 | D:2      | Learned a level 3 spell: Conjure Flame
  1088 | D:2      | Learned a level 3 spell: Mephitic Cloud
  1374 | D:3      | Found a glowing drain.
  1512 | D:3      | Found a sparkling altar of Nemelex Xobeh.
  1532 | D:3      | Noticed Terence
  1799 | Sewer    | Entered a sewer
  1919 | Sewer    | Reached XP level 4. HP: 26/30 MP: 3/8
  1995 | Sewer    | Noticed a big kobold
  2003 | Sewer    | Slain by a kobold

Illustrated notes

Levels and vault maps discovered:
D:1:      evilmike_arrival_hilbert_curve, layout_rooms
D:2:      layout_loops_ring, chequers_ecumenical_altar_simple, fedhas_altar_1
D:3:      layout_basic, lemuel_doored_altar, nemelex_altar_shiori,
          portal_sewer_entry_c, uniq_terence
Sewer:    kennysheep_pipe_town

Skill      XL: |  1  2  3 |
---------------+----------+-----
Conjurations   | 1 2 3 |  3.2
Dodging        | |  1.7
Stealth        | |  2.4
Spellcasting   | |  3.2
Summonings     | |  1.0
Translocations | |  0.8

Action                   |  1- 3 |  4- 6 || total
-------------------------+-------+-------++-------
Melee: Short sword       |    12 |     1 ||    13
       Staff             |    12 |       ||    12
 Cast: Magic Dart        |    74 |     2 ||    76
       Mephitic Cloud    |     2 |       ||     2
 Abil: Dig               |     1 |       ||     1
  Use: Scroll            |     1 |       ||     1
       Potion            |     1 |       ||     1
  Eat: Chunk             |     3 |       ||     3
Armor: Robe              |     7 |     3 ||    10
       Skin              |    17 |       ||    17
Dodge: Dodged            |    22 |     9 ||    31
